 Dungeon Crawl Stone Soup version 0.21-a0-632-g1e37ce5 (webtiles) character file.

731 Amnesiac the Cutter (level 7, -2/35 HPs)
             Began as a Vine Stalker Fighter on Dec 28, 2017.
             Was an Initiate of Gozag.
             Killed from afar by Leszczynek's ghost (7 damage)
             ... with a zap
             ... on level 7 of the Dungeon.
             The game lasted 00:02:59 (1377 turns).

Amnesiac the Cutter (Vine Stalker Fighter)          Turns: 1377, Time: 00:02:59

Health: -2/35      AC:  6    Str: 21    XL:     7   Next: 73%
Magic:  0/8        EV:  7    Int:  8    God:    Gozag
Gold:   249        SH:  9    Dex: 13    Spells: 6/6 levels left

rFire    . . .     SeeInvis .   a - +0 rapier
rCold    . . .     Gourm    .   c - +0 shield
rNeg     . . .     Faith    .   b - +0 scale mail
rPois    .         Spirit   +   (no helmet)
rElec    .         Reflect  .   (no cloak)
rCorr    .         Harm     .   (no gloves)
MR       .....                  (no boots)
Stlth    ..........             (no amulet)
HPRegen  0.51/turn              (no ring)
MPRegen  0.11/turn              (no ring)

@: lethally poisoned (-2 -> -3), gold aura
A: fangs 2, regeneration 1, magic shield, antimagic bite, no potion heal 3, rot
immunity
a: Potion Petition, Call Merchant, Bribe Branch, Renounce Religion


You were on level 7 of the Dungeon.
You worshipped Gozag.
Gozag was aware of your devotion.
You were not hungry.

You visited 1 branch of the dungeon, and saw 7 of its levels.
You also visited: Sewer.

You collected 320 gold pieces.
You paid 71 gold pieces to Gozag.

Inventory:

Hand Weapons
 a - a +0 rapier (weapon)
Missiles
 l - 63 stones (quivered)
Armour
 b - a +0 scale mail (worn)
 c - a +0 shield (worn)
Jewellery
 j - a cursed ring of teleportation {unknown}
Wands
 k - a wand of iceblast (6)
 o - a wand of paralysis (9)
 q - a wand of flame (19)
Scrolls
 e - a scroll of magic mapping {!r, unknown}
 g - 5 scrolls of remove curse {!r, unknown}
 i - 3 scrolls of teleportation {!r, unknown}
 p - 2 scrolls of enchant weapon {!r, unknown}
 r - a scroll of fog {!r, unknown}
 s - a scroll of fear {!r, unknown}
 t - a scroll of blinking {!r, unknown}
 w - 3 scrolls of identify {!r, unknown}
Potions
 d - 2 potions of might {!q}
 h - a potion of invisibility {!q, unknown}
 m - a potion of haste {!q, unknown}
 u - 2 potions of flight {!q, unknown}
 v - a potion of heal wounds {!q, unknown}
Books
 n - a book of Conjurations

   Spells                             Type                      Level
   a - Magic Dart                     Conjuration                  1
   b - Searing Ray                    Conjuration                  2
   c - Dazzling Spray                 Conjuration/Hexes            3
   d - Fulminant Prism                Conjuration/Hexes            4
   e - Force Lance                    Conjuration/Translocation    4
   f - Iskenderun's Mystic Blast      Conjuration                  4


   Skills:
 - Level 2.6 Fighting
 + Level 7.8 Short Blades
 - Level 2.4 Armour
 - Level 2.6 Shields


You had 6 spell levels left.
You didn't know any spells.

Dungeon Overview and Level Annotations

Branches:
Dungeon (7/15)
 Temple: D:4-7

Altars:
Dithmenos
Fedhas
Gozag
Qazlal
Uskayaw

Annotations:
D:7 Leszczynek's ghost, novice HaAE


Innate Abilities, Weirdness & Mutations

You have extremely sharp teeth.
Your natural rate of healing is unusually fast.
When hurt, damage is shared between your health and your magic reserves.
Your bite disrupts and absorbs the magic of your enemies.
Potions cannot restore your health.
You are immune to rotting.


Message History

* * * LOW HITPOINT WARNING * * *
You puncture the ogre!
The ogre is almost dead.
You puncture the ogre!
You kill the ogre!
Leszczynek's ghost gestures at you while chanting.
The zap hits you!
* * * LOW HITPOINT WARNING * * *
Press: ? - help, v - describe, . - travel
Here: Leszczynek's ghost, wielding a weapon of venom The floor.
Leszczynek's ghost says, "In life, I might have healed you instead."
Things that are here:
16 gold pieces; a giant spiked club Leszczynek's ghost hits you.
You are poisoned.
You closely miss Leszczynek's ghost.
You feel sick.
Leszczynek's ghost casts a spell at you.
The zap hits you!
You hit Leszczynek's ghost but do no damage.
You bite Leszczynek's ghost, but do no damage.
You feel sick. You block Leszczynek's ghost's attack.
You miss Leszczynek's ghost. You bite Leszczynek's ghost.
Leszczynek's ghost's magic leaks into the air.
You drain its magic.
You feel invigorated.
Leszczynek's ghost is lightly damaged.
You closely miss Leszczynek's ghost.
Leszczynek's ghost is lightly damaged.
You feel sick.
Leszczynek's ghost is distracted by the nearby gold.
Your shield and scale mail prevent you from hitting Leszczynek's ghost.
Leszczynek's ghost is no longer distracted by gold.
Leszczynek's ghost is lightly damaged.
You hit Leszczynek's ghost but do no damage.
Leszczynek's ghost is lightly damaged.
You feel sick.
Leszczynek's ghost casts a spell at you.
The zap hits you!
* * * LOW HITPOINT WARNING * * *
You closely miss Leszczynek's ghost.
Leszczynek's ghost is lightly damaged.
Leszczynek's ghost casts a spell at you.
The zap hits you!
* * * LOW HITPOINT WARNING * * *
You hit Leszczynek's ghost but do no damage.
Leszczynek's ghost is lightly damaged.
Leszczynek's ghost hits you.
* * * LOW HITPOINT WARNING * * *
You are more poisoned.
You puncture Leszczynek's ghost!
You bite Leszczynek's ghost, but do no damage.
Leszczynek's ghost is moderately damaged.
You feel sick. You block Leszczynek's ghost's attack.
You puncture Leszczynek's ghost!
You bite Leszczynek's ghost, but do no damage.
Leszczynek's ghost is moderately damaged.
You feel sick. You block Leszczynek's ghost's attack.
Your shield and scale mail prevent you from hitting Leszczynek's ghost.
Leszczynek's ghost is moderately damaged.
You feel sick.
Leszczynek's ghost casts a spell at you.
The zap hits you!
You die...
Your body crumbles into a pile of gold.

... #.## ..#..
....##..#####..#.#
...#............
.............# #
####...........# #.
..............###
#.##.##.............
#....##$..$$@W....#
#.........).....#
#..##...........#
#..##.........(##
#..##..........# ...
#..##..........#
.....##..#####..####.#
.........# ##.# .#
.....###.# .#


You could see Leszczynek's ghost.

Vanquished Creatures
  Purgy (Sewer)
  3 ogres
  A centaur (D:5)
  A howler monkey (D:6)
  A crimson imp (D:5)
  A centaur zombie (D:4)
  An orc wizard (D:5)
  A bullfrog skeleton (D:3)
  2 worker ants
  4 adders
  3 dart slugs
  6 leopard geckos
  7 orcs
  A bat (D:1)
  3 giant cockroaches (D:5)
  A goblin (D:3)
  3 hobgoblins
  5 jackals
  A quokka (D:3)
  3 ball pythons
  3 frilled lizards (Sewer)
  4 kobolds
56 creatures vanquished.

Notes
Turn   | Place    | Note
-------+----------+-------------------------------------------
     0 | D:1      | Amnesiac the Vine Stalker Fighter began the quest for the Orb.
     0 | D:1      | Reached XP level 1. HP: 11/11 MP: 2/2
    59 | D:2      | Reached skill level 2 in Short Blades
    72 | D:2      | Reached XP level 2. HP: 13/16 MP: 3/3
    79 | D:2      | Found a shadowy altar of Dithmenos.
   113 | D:2      | Found a hide-covered altar of Uskayaw.
   181 | D:2      | Reached skill level 3 in Short Blades
   306 | D:3      | Reached XP level 3. HP: 6/19 MP: 2/4
   536 | D:3      | Found a stormy altar of Qazlal.
   575 | D:3      | Gained mutation: Your natural rate of healing is unusually fast. [Vine Stalker growth]
   575 | D:3      | Reached XP level 4. HP: 22/23 MP: 5/5
   625 | D:3      | Reached skill level 4 in Short Blades
   788 | D:4      | Noticed an ogre
   793 | D:4      | Killed an ogre
   793 | D:4      | Reached skill level 5 in Short Blades
   793 | D:4      | Reached XP level 5. HP: 12/27 MP: 6/6
   858 | D:4      | Found a blossoming altar of Fedhas.
   907 | D:4      | Found an opulent altar of Gozag.
   938 | D:4      | Became a worshipper of Gozag Ym Sagoz the Greedy
   958 | D:5      | Entered Level 5 of the Dungeon
   992 | D:5      | Reached XP level 6. HP: 29/32 MP: 4/7
  1025 | D:5      | Reached skill level 6 in Short Blades
  1055 | D:5      | Found a glowing drain.
  1079 | Sewer    | Entered a sewer
  1099 | Sewer    | Noticed Purgy
  1123 | Sewer    | Killed Purgy
  1123 | Sewer    | Reached XP level 7. HP: 4/35 MP: 2/8
  1239 | D:6      | Reached skill level 7 in Short Blades
  1361 | D:7      | Noticed Leszczynek's ghost (novice HaAE)
  1377 | D:7      | Killed from afar by Leszczynek's ghost

Vault maps used:
D:1:      eino_arrival_tree_alley, minmay_cut_off
D:2:      grunt_dithmenos_smoke_and_mirrors, lemuel_crystal_altar,
          lightli_temple_of_fire, minmay_misc_feat_pillars
D:3:      nicolae_qazlal_eye_of_the_storm, first_ration
D:4:      nicolae_gozag_cash_rules_everything_around_me, lemuel_crystal_altar,
          cheibriados_altar_1, temple_statues, serial_shops, shop
D:5:      nicolae_overflow_hidden_temple, gup_sewer_entry_pipe, basic_altar
D:6:      lemuel_ice_spiral_2, kennysheep_mini, grunt_temple_overflow_open,
          serial_shops, shop, nrook_uturn, uniq_pikel, uniq_duvessa
D:7:      zin_statuary, nicolae_ossuary_entry_monument, the_bakery
Sewer:    sewer_co_purgy_island

Skill      XL: |  1  2  3  4  5  6  7 |
---------------+----------------------+-----
Short Blades   | 2 3 5 6 7 |  7.8
Fighting       | |  2.6
Armour         | |  2.4
Shields        | |  2.6

Action                   |  1- 3 |  4- 6 |  7- 9 || total
-------------------------+-------+-------+-------++-------
Melee: Rapier            |    58 |   107 |    49 ||   214
       Bite              |    17 |    33 |    16 ||    66
  Eat: Ration            |       |       |     1 ||     1
Armor: Scale mail        |    26 |    47 |     9 ||    82
Dodge: Dodged            |    13 |    36 |     6 ||    55
Block: Shield            |    25 |    63 |    16 ||   104

Table legend:
 A = Spawn XP
 B = Non-spawn XP
 C = Spawn XP percentage of total XP
 D = Spawn monster count
 E = Non-spawn monster count
 F = Spawn count percentage of total count
 G = Total turns spent on level
                    A         B        C        D         E        F      G
               +---------+---------+-------+---------+---------+-------+---------
         Total |       0 |    1045 |   0.0 |       0 |      56 |   0.0 |  1377
               +---------+---------+-------+---------+---------+-------+---------
           D:1 |       0 |       2 |   0.0 |       0 |       1 |   0.0 |    43
           D:2 |       0 |      28 |   0.0 |       0 |       8 |   0.0 |   163
           D:3 |       0 |      77 |   0.0 |       0 |      13 |   0.0 |   575
           D:4 |       0 |     207 |   0.0 |       0 |       5 |   0.0 |   177
           D:5 |       0 |     231 |   0.0 |       0 |      14 |   0.0 |   181
           D:6 |       0 |     189 |   0.0 |       0 |       6 |   0.0 |    95
           D:7 |       0 |     158 |   0.0 |       0 |       3 |   0.0 |    58
         Sewer |       0 |     153 |   0.0 |       0 |       6 |   0.0 |    85
               +---------+---------+-------+---------+---------+-------+---------
